 Dungeon Crawl Stone Soup version 0.31.0-12-g77e489cdc1 (webtiles) character file.

Game seed: 10212201225241049327

1188 Doomgape the Ruffian (level 8, -5/80 HPs)
             Began as a Troll Fighter on Mar 4, 2024.
             Was an Initiate of Hepliaklqana.
             Succumbed to an orc warrior's poison
             ... on level 6 of the Dungeon.
             The game lasted 00:12:08 (4396 turns).

Doomgape the Ruffian (Troll Fighter)                Turns: 4396, Time: 00:12:09

Health: -5/80      AC:  4    Str: 27    XL:     8   Next: 19%
Magic:  7/7        EV:  9    Int:  4    God:    Hepliaklqana [......]
Gold:   313        SH:  8    Dex:  9    Spells: 7/7 levels left

rFire   . .          .
                       - Unarmed
rCold   + . .        b - +0 kite shield
rNeg    . . .        a - +0 robe
rPois   .            (helmet restricted)
rElec   .            s - scarf {repulsion}
rCorr   .            (gloves unavailable)
SInv    +            (boots unavailable)
Will    .....        (no amulet)
Stlth   +            m - ring of see invisible
HPRegen 1.13/turn    t - ring of protection from cold
MPRegen 0.10/turn

%: repel missiles
@: lethally poisoned (-5 -> -71)
A: large, unfitting armour, claws 3, regeneration 1, shaggy fur 1, tough skin 1
a: Renounce Religion


You were on level 6 of the Dungeon.
You worshipped Hepliaklqana.
Hepliaklqana was noncommittal.
You visited 2 branches of the dungeon, and saw 7 of its levels.

You collected 313 gold pieces.

Inventory:

Armour
 a - a +0 robe (worn)
 b - a +0 kite shield (worn)
 q - a +2 cloak
 s - a scarf of repulsion (worn)
Jewellery
 m - a ring of see invisible (left claw)
 t - a ring of protection from cold (right claw)
Wands
 g - a wand of paralysis (6)
Scrolls
 d - a scroll of noise
 e - 2 scrolls of identify
 h - a scroll of silence {unknown}
 n - 2 scrolls of teleportation {unknown}
 o - a scroll of enchant weapon {unknown}
 w - a scroll of revelation {unknown}
Potions
 c - a potion of might
 f - a potion of resistance
 j - a potion of curing {unknown}
 k - a potion of invisibility {unknown}
 l - a potion of haste
 p - 3 potions of attraction {unknown}
 r - a potion of brilliance {unknown}
 u - a potion of mutation {unknown}
 v - a potion of enlightenment {unknown}


   Skills:
 + Level 5.3 Fighting
 - Level 2.4 Dodging
 + Level 5.8 Shields
 + Level 5.9 Unarmed Combat


You had 7 spell levels left.
You didn't know any spells.
Your spell library contained the following spells:

 Spells                   Type           Power      Damage    Failure   Level
 Call Imp                 Summ           0%         N/A       85%         2
 Ensorcelled Hibernation  Hex/Ice        0%         N/A       85%         2
 Jinxbite                 Hex            0%         N/A       85%         2
 Mercury Vapours          Alch/Air       0%         N/A       85%         2
 Gell's Gravitas          Tloc           0%         N/A       97%         3
 Mephitic Cloud           Conj/Alch/Air  0%         N/A       97%         3
 Sigil of Binding         Hex            0%         N/A       97%         3
 Teleport Other           Tloc           0%         N/A       97%         3
 Tukima's Dance           Hex            0%         N/A       97%         3
 Volatile Blastmotes      Fire/Tloc      0%         2d10      97%         3
 Fulminant Prism          Conj/Alch      0%         3d5       100%        4
 Iskenderun's Mystic Bla  Conj/Tloc      0%         2d3       100%        4
 Freezing Cloud           Conj/Ice/Air   0%         6-21      100%        5
 Silence                  Hex/Air        0%         N/A       100%        5
 Summon Forest            Summ/Tloc      0%         N/A       100%        5
 Dispersal                Tloc           0%         N/A       100%        6
 Eringya's Noxious Bog    Alch           0%         4d6       100%        6
 Haunt                    Necr/Summ      0%         N/A       100%        7
 Summon Hydra             Summ           0%         N/A       100%        7


Dungeon Overview and Level Annotations

Branches:
Dungeon (6/15)             Temple (1/1) D:5

Altars:
Cheibriados
Dithmenos
Elyvilon
Gozag
Hepliaklqana
Kikubaaqudgha
Makhleb
Sif Muna
Trog
Uskayaw
Vehumet
Yredelemnul
Zin

Shops:
D:3 =*?

Annotations:
D:5 2 transporters, Quickbrownfox's ghost, novice OpSh


Innate Abilities, Weirdness & Mutations

You are too large for most types of armour.
You have claws for hands.
Your natural rate of healing is unusually fast.
You are covered in fur. (AC +1)
You have tough skin. (AC +1)


Message History

You feel very sick. You block the water moccasin's attack.
The orc warrior closely misses you.
You miss the water moccasin.
The water moccasin is heavily wounded.
You feel very sick. The water moccasin bites you.
You are more poisoned.
The water moccasin poisons you!
The orc warrior hits you with a +1 battleaxe of venom.
You are more poisoned.
The water moccasin bites you.
You scratch the water moccasin.
The water moccasin is severely wounded.
You feel extremely sick. The water moccasin barely misses you.
The orc warrior hits you with a +1 battleaxe of venom!
You are lethally poisoned!
Unknown command.
You closely miss the water moccasin.
The water moccasin is severely wounded.
* * * LOW HITPOINT WARNING * * *
You feel extremely sick.
The water moccasin bites you but does no damage.
The orc warrior hits you with a +1 battleaxe of venom.
* * * LOW HITPOINT WARNING * * *
You are more poisoned.
The water moccasin bites you.
* * * LOW HITPOINT WARNING * * *
You are more poisoned.
The water moccasin poisons you!
You feel much better.
You feel extremely sick.
The orc warrior hits you with a +1 battleaxe of venom!
* * * LOW HITPOINT WARNING * * *
You are more poisoned.
The water moccasin bites you.
* * * LOW HITPOINT WARNING * * *
Okay, then.
Okay, then.
You die...

.... .........##.....>..# .#...
.........##........###
.##...............##...#......#
.###..............#...##.##.###
..# #................###...##
#.###...............####...#
#..............oS##.......##
#................###....###
..............#.@####....#
#..................##....#
#.......)....###...##...##
#.......>......##..##...#
...##.##...........#...##
...##.###.......#.......#
....... ##......#......##
...#...###....####.#...#
...#...#.......#########


You could see an orc warrior and a water moccasin.

Vanquished Creatures
  Sigmund (D:3)
  2 black bears (D:4)
  A kobold brigand (D:6)
  3 scorpions
  A howler monkey (D:6)
  A bombardier beetle (D:4)
  3 jellies
  Crazy Yiuf (D:3)
  A gnoll bouda (D:4)
  2 iguanas
  3 orc wizards (D:6)
  2 sleepcaps (D:5)
  Robin (D:3)
  5 adders
  5 gnolls (D:4)
  3 orc zombies (D:5)
  2 dart slugs
  A ribbon worm (D:3)
  4 orcs
  4 endoplasms
  A giant cockroach (D:3)
  13 goblins
  10 hobgoblins
  10 jackals
  2 quokkas
  5 ball pythons
  2 frilled lizards
  10 kobolds
  5 rats
104 creatures vanquished.

Notes
Turn   | Place    | Note
-------+----------+-------------------------------------------
     0 | D:1      | Doomgape the Troll Fighter began the quest for the Orb.
     0 | D:1      | Reached XP level 1. HP: 22/22 MP: 0/0
   142 | D:1      | Reached XP level 2. HP: 29/29 MP: 1/1
   761 | D:2      | Reached XP level 3. HP: 36/36 MP: 2/2
   987 | D:3      | Found Asoliapani's General Store.
   994 | D:3      | Found Pyruosoa's Jewellery Boutique.
  1026 | D:3      | Noticed Sigmund
  1058 | D:3      | Killed Sigmund
  1059 | D:3      | Reached XP level 4. HP: 33/46 MP: 3/3
  1059 | D:3      | Reached XP level 5. HP: 38/53 MP: 4/4
  1215 | D:3      | Found Avuro's Magic Scroll Boutique.
  1307 | D:3      | Noticed Robin
  1321 | D:3      | Killed Robin
  1800 | D:3      | Found a runed translucent door.
  1801 | D:3      | Noticed Crazy Yiuf
  1810 | D:3      | Killed Crazy Yiuf
  1811 | D:3      | Reached XP level 6. HP: 53/62 MP: 5/5
  2041 | D:4      | Found a white marble altar of Elyvilon.
  2309 | D:4      | Reached XP level 7. HP: 60/71 MP: 6/6
  2615 | D:4      | Found a bloodstained altar of Trog.
  2873 | D:5      | Entered Level 5 of the Dungeon
  2873 | D:5      | Found a transporter.
  2899 | D:5      | Reached skill level 5 in Shields
  2965 | D:5      | Reached skill level 5 in Unarmed Combat
  2988 | D:5      | Found a transporter.
  3032 | D:5      | Got the Handbook of Malisons
  3083 | D:5      | Found a transporter.
  3088 | D:5      | Found a transporter.
  3088 | D:5      | Noticed Quickbrownfox's ghost (novice OpSh)
  3210 | D:5      | Found a staircase to the Ecumenical Temple.
  3284 | Temple   | Entered the Ecumenical Temple
  3289 | Temple   | Became a worshipper of Hepliaklqana the Forgotten
  3469 | D:5      | Got the Tome of the Congregated Curse
  3907 | D:6      | Reached skill level 5 in Fighting
  4124 | D:6      | Reached XP level 8. HP: 80/80 MP: 7/7
  4396 | D:6      | Succumbed to an orc warrior's poison

Illustrated notes

Levels and vault maps discovered:
D:1:      psy_arrival_terrarium, layout_rooms
D:2:      layout_basic
D:3:      layout_rooms, serial_shops, nicolae_shop_hallway_stairs, shop, shop,
          hangedman_feature_mirror, uniq_crazy_yiuf_cottage, uniq_sigmund,
          uniq_robin
D:4:      layout_gridville, mainiacjoe_overflow_catwalk,
          mainiacjoe_overflow_paths, nicolae_concentric_dashed_squares_mild
D:5:      gammafunk_cloud_chamber, layout_loops_cross, temple_pool_b,
          gammafunk_ghost_hive, nicolae_sextant
D:6:      layout_cave_pools
Temple:   nicolae_temple_ecumenical_triangle

Skill      XL: |  1  2  3  4  5  6  7 |
---------------+----------------------+-----
Shields        | 3 4 5 |  5.8
Fighting       | 3 4 5 |  5.3
Unarmed Combat | 3 4 5 |  5.9
Dodging        | |  2.4

Action                     |  1- 3 |  4- 6 |  7- 9 || total
---------------------------+-------+-------+-------++-------
  Melee: Unarmed           |    75 |   100 |   139 ||   314
    Use: Scroll            |       |     5 |     1 ||     6
         Potion            |       |       |     5 ||     5
   Stab: Sleeping          |       |       |     1 ||     1
 Armour: Robe              |    33 |    51 |    90 ||   174
  Dodge: Dodged            |    13 |    32 |    52 ||    97
         Repelled          |       |       |     2 ||     2
  Block: Kite shield       |    22 |    41 |    57 ||   120
